 Dungeon Crawl Stone Soup version 0.22-a0-469-gf26638a (webtiles) character file.

74 gmonis the Cudgeler (level 4, 0/39 HPs)
             Began as a Minotaur Berserker on June 13, 2018.
             Was a Priest of Trog.
             Slain by Robin
             ... wielding a +0 dagger
              (4 damage)
             ... on level 2 of the Dungeon.
             The game lasted 00:03:35 (1310 turns).

gmonis the Cudgeler (Minotaur Berserker)            Turns: 1310, Time: 00:03:35

Health: 0/39       AC:  2    Str: 22    XL:     4   Next: 9%
Magic:  3/3        EV: 12    Int:  4    God:    Trog [***...]
Gold:   53         SH:  0    Dex: 10    Spells: 3/3 levels left

rFire    . . .     SeeInvis .   a - +0 mace
rCold    . . .     Gourm    .   (no shield)
rNeg     . . .     Faith    .   b - +0 animal skin
rPois    .         Spirit   .   (helmet restricted)
rElec    .         Reflect  .   (no cloak)
rCorr    .         Harm     .   (no gloves)
MR       .....                  (no boots)
Stlth    +.........             (no amulet)
HPRegen  0.13/turn              (no ring)
MPRegen  0.08/turn              (no ring)

@: berserk cooldown, slowed, very slow
A: retaliatory headbutt, horns 2
a: Berserk, Trog's Hand, Renounce Religion


You were on level 2 of the Dungeon.
You worshipped Trog.
Trog was most pleased with you.
You were very hungry.

You visited 1 branch of the dungeon, and saw 2 of its levels.

You collected 53 gold pieces.

Inventory:

Hand Weapons
 a - a +0 mace (weapon)
Missiles
 f - 40 stones (quivered)
Armour
 b - a +0 animal skin (worn)
Scrolls
 d - 2 scrolls of identify {unknown}
 h - a scroll of magic mapping {unknown}
 i - a scroll of noise {unknown}
Potions
 e - a potion of might {unknown}
 g - a potion of berserk rage {unknown}
 j - 2 potions of resistance {unknown}
Comestibles
 c - a ration


   Skills:
 - Level 3.6 Fighting
 + Level 6.0 Maces & Flails
 - Level 2.4 Armour
 - Level 2.1 Dodging


You had 3 spell levels left.
You didn't know any spells.
Your spell library was empty.

Dungeon Overview and Level Annotations

Branches:
Dungeon (2/15)

Altars:

Annotations:
D:2 Robin


Innate Abilities, Weirdness & Mutations

You reflexively headbutt those who attack you in melee.
You have a pair of horns on your head.


Message History

You thump Robin!
Robin is almost dead.
Robin hits you but does no damage. x2
You hit Robin but do no damage.
Robin is almost dead.
Robin misses you. Robin closely misses you.
You barely miss Robin.
Robin is almost dead.
Robin says, "Kneel, worm!"
Robin hits you with a dagger.
* * * LOW HITPOINT WARNING * * *
You barely miss Robin.
Robin is almost dead.
Robin hits you with a dagger.
* * * LOW HITPOINT WARNING * * *
Robin hits you but does no damage.
You barely miss Robin.
Robin is almost dead.
Robin hits you but does no damage. Robin hits you with a dagger.
You die...

##.#......###.#
...#....#..##.#
........##.##.#
####....##.##.#
#....##..#.#
#....###.#.##########
#....#
#..)..!......##
#....#
##..().........
#....# #.>(.@g.......
#....# ###.).........
#### #...........
...# #...........
...# ###)######..
...# ... # ...# %...
...# ..... ...#


You could see Robin.

Vanquished Creatures
  2 worms (D:2)
  2 dart slugs (D:1)
  A leopard gecko (D:1)
  10 bats
  3 giant cockroaches
  11 goblins
  7 hobgoblins
  7 jackals (D:1)
  4 frilled lizards (D:1)
  6 kobolds
  5 rats
58 creatures vanquished.

Notes
Turn   | Place    | Note
-------+----------+-------------------------------------------
     0 | D:1      | gmonis the Minotaur Berserker began the quest for the Orb.
     0 | D:1      | Reached XP level 1. HP: 19/19 MP: 0/0
    54 | D:1      | Reached skill level 4 in Maces & Flails
   193 | D:1      | Reached XP level 2. HP: 24/26 MP: 1/1
   566 | D:1      | Reached ** piety under Trog
   566 | D:1      | Reached skill level 5 in Maces & Flails
   656 | D:1      | Reached XP level 3. HP: 26/31 MP: 2/2
  1288 | D:2      | Reached skill level 6 in Maces & Flails
  1288 | D:2      | Reached XP level 4. HP: 37/39 MP: 3/3
  1295 | D:2      | Noticed Robin
  1299 | D:2      | Reached *** piety under Trog
  1310 | D:2      | Slain by Robin

Vault maps used:
D:1:      tarquinn_simple_flora_water_a, minmay_tetromino_i4
D:2:      chequers_ecumenical_altar_island, first_ration, uniq_robin

Skill      XL: |  1  2  3 |
---------------+----------+-----
Maces & Flails | 4 5 6 |  6.0
Fighting       | |  3.6
Armour         | |  2.4
Dodging        | |  2.1

Action                   |  1- 3 |  4- 6 || total
-------------------------+-------+-------++-------
Melee: Mace              |   113 |    18 ||   131
       Headbutt          |    16 |     2 ||    18
Invok: Berserk           |     1 |       ||     1
  Eat: Chunk             |     1 |       ||     1
Armor: Animal skin       |    42 |     5 ||    47
Dodge: Dodged            |    95 |    14 ||   109

Table legend:
 A = Spawn XP
 B = Non-spawn XP
 C = Spawn XP percentage of total XP
 D = Spawn monster count
 E = Non-spawn monster count
 F = Spawn count percentage of total count
 G = Total turns spent on level
                    A         B        C        D         E        F      G
               +---------+---------+-------+---------+---------+-------+---------
         Total |       0 |     106 |   0.0 |       0 |      58 |   0.0 |  1310
               +---------+---------+-------+---------+---------+-------+---------
           D:1 |       0 |      63 |   0.0 |       0 |      37 |   0.0 |  1167
           D:2 |       0 |      43 |   0.0 |       0 |      21 |   0.0 |   143
               +---------+---------+-------+---------+---------+-------+---------
